 Dungeon Crawl Stone Soup version 0.22-a0-480-g991dd4b2b4 (webtiles) character file.

13118 Oravi the Destroyer (level 11, -1/92 HPs)
             Began as a Green Draconian Conjurer on June 15, 2018.
             Was an Elder of Vehumet.
             Slain by a wraith (14 damage)
             ... led by Josephine
             ... on level 10 of the Dungeon.
             The game lasted 01:10:02 (14401 turns).

Oravi the Destroyer (Green Draconian Conjurer)     Turns: 14401, Time: 01:10:02

Health: -1/92      AC:  9    Str: 11    XL:     11   Next: 71%
Magic:  4/33       EV: 15    Int: 19    God:    Vehumet [****..]
Gold:   331        SH:  4    Dex: 11    Spells: 5/28 levels left

rFire    . . .     SeeInvis .   l - +2 dagger (venom)
rCold    . . .     Gourm    .   z - +0 buckler
rNeg     . . .     Faith    .   (armour unavailable)
rPois    +         Spirit   .   (helmet restricted)
rElec    .         Reflect  .   H - +0 cloak
rCorr    .         Harm     .   O - +0 pair of gloves
MR       .....                  (no boots)
Stlth    +.........             s - amulet of rage
HPRegen  0.25/turn              e - ring of magical power
MPRegen  0.23/turn              g - +2 ring of evasion

@: about to teleport, very slightly contaminated, slowed, heavily drained, very
slow
A: breathe noxious fumes, unfitting armour, poison resistance, cold-blooded, AC
+7
a: Breathe Noxious Fumes, Renounce Religion, Evoke Berserk Rage


You were on level 10 of the Dungeon.
You worshipped Vehumet.
Vehumet was greatly pleased with you.
You were not hungry.

You visited 2 branches of the dungeon, and saw 12 of its levels.

You collected 501 gold pieces.
You spent 170 gold pieces at shops.

Inventory:

Hand Weapons
 l - a +2 dagger of venom (weapon)
 m - a +1 scimitar
Missiles
 c - 384 stones (quivered)
 F - 15 tomahawks
 K - 9 tomahawks of returning
Armour
 z - a +0 buckler (worn)
 H - a +0 cloak (worn)
 O - a +0 pair of gloves (worn)
Jewellery
 e - a ring of magical power (left hand)
 g - a +2 ring of evasion (right hand)
 s - an amulet of rage (around neck)
 C - an uncursed ring of ice
Wands
 q - a wand of random effects (19)
 y - a wand of enslavement (4)
 D - a wand of iceblast (7)
 E - a wand of polymorph (18)
Scrolls
 a - a scroll of identify
 f - a scroll of summoning
 i - 3 scrolls of immolation
 j - a scroll of teleportation
 o - 2 scrolls of amnesia
 t - 2 scrolls of enchant weapon
 u - 2 scrolls of magic mapping
 w - 3 scrolls of remove curse
 x - a scroll of enchant armour {unknown}
Potions
 d - a potion of ambrosia
 h - 2 potions of cancellation
 k - a potion of berserk rage
 n - a potion of flight
 p - a potion of invisibility
 r - 2 potions of haste
 v - 3 potions of curing
 A - a potion of magic
 B - 2 potions of lignification
 L - a potion of mutation
 N - a potion of resistance {unknown}
Comestibles
 b - 8 rations


   Skills:
 + Level 7.6(4.8) Fighting
 + Level 6.8(4.0) Dodging
 - Level 1.7(0.0) Stealth
 - Level 4.4(1.8) Shields
 + Level 9.4(6.4) Spellcasting
 + Level 10.6(7.6) Conjurations
 - Level 5.0(2.3) Translocations
 + Level 4.8(2.2) Poison Magic


You had 5 spell levels left.
You knew the following spells:

 Your Spells              Type           Power        Failure   Level  Hunger
a - Magic Dart            Conj           ####         1%          1    None
b - Searing Ray           Conj           #####.       1%          2    None
c - Iskenderun's Mystic   Conj           #####...     1%          4    ####...
d - Venom Bolt            Conj/Pois      ###.......   13%         5    #####..
e - Force Lance           Conj/Tloc      ####....     5%          4    ####...
f - Dazzling Spray        Conj/Hex       ###...       2%          3    ##.....
g - Sticky Flame          Conj/Fire      ###.....     8%          4    ####...

Your spell library contained the following spells:

 Spells                   Type           Power        Failure   Level  Hunger
 Apportation              Tloc           ###...       5%          1    None
 Mephitic Cloud           Conj/Pois/Air  ###.....     3%          3    ##.....
 Olgreb's Toxic Radiance  Pois           ##......     16%         4    ####...
 Summon Small Mammal      Summ           #...         14%         1    None
 Animate Skeleton         Necr           N/A          14%         1    None
 Summon Ice Beast         Ice/Summ       #.......     80%         4    ####...
 Call Imp                 Summ           #.......     22%         2    None
 Sting                    Conj/Pois      ###.         1%          1    None
 Spider Form              Tmut/Pois      ##........   26%         3    ##.....
 Blade Hands              Tmut           #.........   98%         5    #####..
 Ice Form                 Ice/Tmut       #.......     80%         4    ####...
 Confusing Touch          Hex            #.....       14%         1    None
 Sticks to Snakes         Tmut           #.......     22%         2    None
 Call Canine Familiar     Summ           #.......     38%         3    ##.....
 Beastly Appendage        Tmut           #.....       14%         1    None
 Fulminant Prism          Conj/Hex       ###.......   8%          4    ####...
 Summon Lightning Spire   Summ/Air       #.......     80%         4    ####...
 Summon Guardian Golem    Hex/Summ       #.......     38%         3    ##.....
 Poisonous Vapours        Pois/Air       ##....       14%         2    None


Dungeon Overview and Level Annotations

Branches:
Dungeon (11/15)            Temple (1/1) D:7             Orc (0/2) D:9
   Lair: D:8-11

Altars:
Ashenzari
Cheibriados
Dithmenos
Elyvilon
Fedhas
Gozag
Hepliaklqana
Kikubaaqudgha
Makhleb
Nemelex Xobeh
Okawaru
Qazlal
Ru
Sif Muna
Trog
Uskayaw
Vehumet
Wu Jian
Xom
Yredelemnul
Zin
The Shining One

Shops:
D:6 :   D:8 ?   D:10 [

Annotations:
D:8 exclusion: door
D:11 Josephine


Innate Abilities, Weirdness & Mutations

You can breathe blasts of noxious fumes.
Your lurid green scales are hard. (AC +7)
You cannot fit into any form of body armour.
Your system is resistant to poisons. (rPois)
You are cold-blooded and may be slowed by cold attacks.


Message History

The wraith barely misses you.
You hit the wraith but do no damage.
The wraith is moderately damaged.
The wraith hits you!
* * * LOW HITPOINT WARNING * * *
The wraith drains your vigour!
You feel as though you will be slow longer.
The wraith completely misses you. The wraith barely misses you.
The wraith hits you!
* * * LOW HITPOINT WARNING * * *
The wraith drains your vigour!
You feel as though you will be slow longer.
As you read the scroll of teleportation, it crumbles to dust.
You feel strangely unstable. The wraith hits you.
* * * LOW HITPOINT WARNING * * *
The wraith drains your vigour!
You feel as though you will be slow longer.
The wraith hits you!
You die...

.#..........#....#....).#........
.#...#####..######......##.......
.##..#...#...............'....<..
..#..#...#...........>...#.......
..#..#...#...............#.......
..#..'...#...............#.......
..#..#...#...............######..
..#..#'###.......W............'..
..#.............@.............###
..#..>...........................
###...................#####......
..................###.# #.#'###
#######...........# #.# #.#...#
#......###### #.# #.#...#
#......# #.# #.#...# #......#
#^#####.##### #......#
#............


You could see a wraith.

Vanquished Creatures
  A rakshasa (D:10)
  2 two-headed ogres
  Erica (D:10)
  The ghost of hexalxvi the Skirmisher, a novice DsVM of Okawaru (D:10)
  A faun (shapeshifter) (D:9)
  3 trolls
  Grinder (D:4)
  9 yaks
  A hungry ghost (D:9)
  A wyvern (D:8)
  3 wraiths
  3 ice beasts
  A sky beast (D:6)
  2 black bears
  A necrophage (D:9)
  An eye of draining (D:10)
  7 orc warriors
  3 phantoms
  5 ogres
  5 centaurs
  A big kobold (D:8)
  8 bullfrogs
  A water moccasin zombie (D:10)
  4 scorpions
  5 killer bees (D:7)
  13 wights
  4 howler monkeys
  3 centaur zombies
  2 quasits
  7 hounds
  3 human zombies (D:8)
  A bullfrog skeleton (D:4)
  2 centaur skeletons
  9 orc priests
  5 human skeletons (D:8)
  3 iguanas
  Ijyb (D:3)
  Natasha (thrice) (D:3)
  11 orc wizards
  11 worker ants
  A killer bee zombie (D:7)
  2 hound zombies
  3 mummies
  A worker ant zombie (D:10)
  8 gnolls
  A howler monkey skeleton (D:6)
  8 adders
  5 shadow imps
  3 oozes
  3 adder skeletons
  A worm (D:2)
  4 dart slugs
  2 leopard geckos (D:6)
  57 orcs
  A ball python (D:3)
  10 bats
  3 giant cockroaches
  8 goblins
  5 hobgoblins
  18 jackals
  7 quokkas
  4 frilled lizards
  15 kobolds
  11 rats
330 creatures vanquished.

Vanquished Creatures (others)
  8 fungi (D:11)
  4 plants
12 creatures vanquished.

Grand Total: 342 creatures vanquished

Notes
Turn   | Place    | Note
-------+----------+-------------------------------------------
     0 | D:1      | Oravi the Draconian Conjurer began the quest for the Orb.
     0 | D:1      | Reached XP level 1. HP: 14/14 MP: 3/3
   296 | D:1      | Reached XP level 2. HP: 19/20 MP: 5/5
   300 | D:1      | Learned a level 2 spell: Searing Ray
   415 | D:1      | Reached XP level 3. HP: 26/26 MP: 7/7
  1348 | D:2      | Reached XP level 4. HP: 33/33 MP: 8/8
  1831 | D:2      | Reached skill level 5 in Conjurations
  1967 | D:3      | Noticed Ijyb
  1975 | D:3      | Killed Ijyb
  2158 | D:3      | Noticed Natasha
  2163 | D:3      | Killed Natasha
  2163 | D:3      | Reached XP level 5. HP: 27/38 MP: 9/10
  2269 | D:3      | Noticed Natasha
  2274 | D:3      | Killed Natasha
  2605 | D:3      | Noticed Natasha
  2610 | D:3      | Killed Natasha
  2610 | D:3      | Reached XP level 6. HP: 45/45 MP: 12/12
  2799 | D:4      | Noticed an ice beast
  2861 | D:4      | Noticed Grinder
  2877 | D:4      | Killed Grinder
  2877 | D:4      | Reached skill level 5 in Spellcasting
  2877 | D:4      | Reached skill level 6 in Conjurations
  2986 | D:4      | Your scales start taking on a lurid green colour.
  2986 | D:4      | Reached XP level 7. HP: 50/50 MP: 14/14
  2986 | D:4      | Gained mutation: Your system is resistant to poisons. (rPois) [Green Draconian growth]
  3077 | D:4      | Reached skill level 7 in Conjurations
  3393 | D:4      | Learned a level 4 spell: Iskenderun's Mystic Blast
  3397 | D:4      | Learned a level 3 spell: Dazzling Spray
  3402 | D:4      | Learned a level 4 spell: Force Lance
  3846 | D:5      | Entered Level 5 of the Dungeon
  3922 | D:5      | Found a snail-covered altar of Cheibriados.
  3990 | D:5      | Reached XP level 8. HP: 57/57 MP: 12/17
  4654 | D:6      | Reached skill level 8 in Conjurations
  4797 | D:6      | Found an iron altar of Okawaru.
  4918 | D:6      | Found Ezenus's Book Emporium.
  4966 | D:6      | Reached skill level 1 in Shields
  5651 | D:6      | Reached skill level 1 in Fighting
  5896 | D:7      | Reached XP level 9. HP: 67/67 MP: 19/19
  6504 | D:7      | Found a staircase to the Ecumenical Temple.
  6514 | Temple   | Entered the Ecumenical Temple
  6764 | Temple   | Became a worshipper of Vehumet
  6924 | D:8      | Noticed a two-headed ogre
  7216 | D:7      | Reached skill level 1 in Translocations
  7245 | D:7      | Killed a two-headed ogre
  7245 | D:7      | Reached skill level 9 in Conjurations
  7672 | D:8      | Noticed a troll
  7692 | D:8      | Killed a troll
  7808 | D:8      | Found Tiggu's Magic Scroll Shoppe.
  7835 | D:8      | Reached XP level 10. HP: 78/80 MP: 2/21
  7989 | D:8      | Bought a scroll of identify for 22 gold pieces
  8007 | D:8      | Bought a scroll of identify for 22 gold pieces
  8007 | D:8      | Bought a scroll of identify for 22 gold pieces
  8007 | D:8      | Bought a scroll of teleportation for 33 gold pieces
  8007 | D:8      | Bought a scroll of remove curse for 33 gold pieces
  8007 | D:8      | Bought a scroll of magic mapping for 38 gold pieces
  8012 | D:8      | Found a basalt altar of Yredelemnul.
  8223 | D:8      | Reached * piety under Vehumet
  8223 | D:8      | Offered knowledge of Flame Tongue by Vehumet.
  8429 | D:8      | Reached skill level 5 in Fighting
  8491 | D:8      | Found an ancient bone altar of Kikubaaqudgha.
  8949 | D:8      | Noticed a three-headed hydra
  9538 | D:9      | Reached skill level 5 in Dodging
  9540 | D:9      | Offered knowledge of Sting by Vehumet.
  9730 | D:9      | Noticed a wolf spider
  9753 | D:9      | Noticed a faun
  9753 | D:9      | a wolf spider changed into a faun
  9766 | D:9      | Killed a faun
  9841 | D:9      | Reached ** piety under Vehumet
 10225 | D:9      | Learned a level 5 spell: Venom Bolt
 10281 | D:9      | Offered knowledge of Inner Flame by Vehumet.
 10456 | D:9      | Reached *** piety under Vehumet
 10466 | D:9      | Reached skill level 10 in Conjurations
 10597 | D:9      | Reached skill level 1 in Poison Magic
 10723 | D:9      | Found a staircase to the Orcish Mines.
 10842 | D:10     | Entered Level 10 of the Dungeon
 11110 | D:10     | Noticed a two-headed ogre
 11128 | D:10     | Killed a two-headed ogre
 11128 | D:10     | Reached XP level 11. HP: 90/91 MP: 6/23
 11380 | D:10     | Reached skill level 5 in Translocations
 11712 | D:10     | Offered knowledge of Sticky Flame by Vehumet.
 11718 | D:10     | Learned a level 4 spell: Sticky Flame
 11834 | D:10     | Noticed Erica
 11837 | D:10     | Noticed hexalxvi's ghost (novice DsVM)
 11841 | D:10     | Killed Erica
 12597 | D:10     | Reached **** piety under Vehumet
 13020 | D:10     | Offered knowledge of Airstrike by Vehumet.
 13050 | D:10     | Noticed a rakshasa
 13411 | D:10     | Killed hexalxvi's ghost
 13944 | D:10     | Found Tairil's Antique Armour Emporium.
 13988 | D:11     | Noticed Josephine
 14040 | D:10     | Killed a rakshasa
 14401 | D:10     | Slain by a wraith

Vault maps used:
D:1:      minmay_arrival_diagonal_passages, serial_bayou_lagoon_a
D:2:      first_ration, minmay_cut_off
D:3:      uniq_natasha, uniq_ijyb
D:4:      uniq_grinder
D:5:      hangedman_decor_points, chei_slow_surprise
D:6:      serial_shops, nicolae_shop_trees, okawaru_metal_pillars_1_2
D:7:      minmay_temple_entry_overgrown
D:8:      lemuel_mausoleum_altar_kikubaaqudgha, serial_shops,
          nicolae_shop_trees, basic_altar, hangedman_ranch, lemuel_old_faithful
D:9:      hiddenorc2_lemuel, minmay_holes, library_closet
D:10:     cheibrodos_barr_body, serial_shops, shop, uniq_erica
D:11:     due_lair_maze_entry_diamond, uniq_snorg, uniq_josephine
Temple:   roderic_octagonal_lattice_temple

Skill      XL: |  1  2  3  4  5  6  7  8  9 10 11 |
---------------+----------------------------------+-----
Spellcasting   | 3 4 5 6 7 8 9 |  9.4
Conjurations   | 5 6 7 8 9 10 | 10.6
Shields        | 4 |  4.4
Fighting       | 2 4 6 7 |  7.6
Dodging        | 2 4 5 6 |  6.8
Translocations | 2 4 5 |  5.0
Poison Magic   | 1 4 |  4.8
Stealth        | |  1.7

Action                   |  1- 3 |  4- 6 |  7- 9 | 10-12 || total
-------------------------+-------+-------+-------+-------++-------
Melee: Dagger            |       |       |    29 |    95 ||   124
       Tailslap          |       |       |     6 |    11 ||    17
 Cast: Magic Dart        |    51 |    88 |   171 |   133 ||   443
       Searing Ray       |     8 |    16 |    64 |    88 ||   176
       Iskenderun's Myst |       |       |     7 |    35 ||    42
       Force Lance       |       |       |     5 |    10 ||    15
       Dazzling Spray    |       |       |     2 |       ||     2
       Venom Bolt        |       |       |       |    66 ||    66
 Abil: Breathe Noxious F |       |       |     6 |     4 ||    10
  Use: Scroll            |       |       |       |    25 ||    25
       Potion            |       |       |       |     3 ||     3
 Stab: Confused          |       |       |       |     1 ||     1
  Eat: Chunk             |     2 |     5 |    14 |    23 ||    44
       Ration            |       |       |     1 |     6 ||     7
Armor: Skin              |     6 |     6 |    19 |    38 ||    69
Dodge: Dodged            |     5 |    13 |    74 |   130 ||   222
Block: Buckler           |       |       |    21 |    49 ||    70

Table legend:
 A = Spawn XP
 B = Non-spawn XP
 C = Spawn XP percentage of total XP
 D = Spawn monster count
 E = Non-spawn monster count
 F = Spawn count percentage of total count
 G = Total turns spent on level
                    A         B        C        D         E        F      G
               +---------+---------+-------+---------+---------+-------+---------
         Total |       0 |   18740 |   0.0 |       0 |     330 |   0.0 | 14401
               +---------+---------+-------+---------+---------+-------+---------
           D:1 |       0 |      60 |   0.0 |       0 |      23 |   0.0 |   959
           D:2 |       0 |      67 |   0.0 |       0 |      24 |   0.0 |  1008
           D:3 |       0 |     258 |   0.0 |       0 |      36 |   0.0 |   878
           D:4 |       0 |     931 |   0.0 |       0 |      21 |   0.0 |  1001
           D:5 |       0 |     301 |   0.0 |       0 |      17 |   0.0 |   797
           D:6 |       0 |    1117 |   0.0 |       0 |      21 |   0.0 |  1208
           D:7 |       0 |    2086 |   0.0 |       0 |      29 |   0.0 |  1300
           D:8 |       0 |    2157 |   0.0 |       0 |      42 |   0.0 |  1643
           D:9 |       0 |    3153 |   0.0 |       0 |      62 |   0.0 |  2017
          D:10 |       0 |    8450 |   0.0 |       0 |      52 |   0.0 |  3102
          D:11 |       0 |     160 |   0.0 |       0 |       3 |   0.0 |   213
               +---------+---------+-------+---------+---------+-------+---------
